 Dungeon Crawl Stone Soup version 0.21-a0-460-g737a915 (console) character file.

129885 hexaflexagon the Warrior (level 17, -6/144 HPs)
             Began as a Barachi Skald on Nov 20, 2017.
             Was the Champion of Ru.
             Mangled by an emperor scorpion (9 damage)
             ... on level 4 of the Spider Nest.
             The game lasted 01:57:29 (39415 turns).

hexaflexagon the Warrior (Barachi Skald)           Turns: 39415, Time: 01:57:29

Health: -6/144     AC: 20    Str: 17    XL:     17   Next: 6%
Magic:  0/39       EV: 12    Int: 34    God:    Ru [******]
Gold:   2749       SH:  7    Dex:  9    Spells: 5/32 levels left

rFire    + + .     SeeInvis +   a - +5 demon blade (pain)
rCold    + . .     Gourm    .   S - +0 buckler
rNeg     + . .     Faith    .   N - +5 ring mail of the Heavens {rPois rC+ rN+ Int-2}
rPois    +         Spirit   .   Y - +3 hat of Pondering {ponderous, MR+ MP+10 Int+5}
rElec    +         Reflect  .   y - +0 cloak
rCorr    .         Harm     .   B - +0 pair of gloves of Untruth {rElec Int+9 Dex-3 SInv}
MR       +++..     NoTele   +   D - +2 pair of boots
Stlth    ..........             E - amulet of rage
HPRegen  0.34/turn              G - ring "Cootagg" {-Tele rF++ MR+ Int+8 Stlth-}
MPRegen  0.26/turn              e - +4 ring of evasion

@: lethally poisoned (-6 -> -9), no scrolls, very slow
A: +LOS, swims, clumsy 1, slowness 1, inability to read while threatened, no
stealth, reduced EV 1, inexperienced 1, strong legs 2
a: Hop, Draw Out Power, Power Leap, Apocalypse, Renounce Religion, Evoke Berserk
Rage


You were on level 4 of the Spider Nest.
You worshipped Ru.
Ru was exalted by your worship.
You were not hungry.

You visited 5 branches of the dungeon, and saw 28 of its levels.
You also visited: Labyrinth, Sewer, Bailey and Ice Cave.

You collected 3048 gold pieces.
You spent 299 gold pieces at shops.

Inventory:

Hand Weapons
 a - a +5 demon blade of pain (weapon)
 b - a +4 scimitar of flaming
Armour
 y - a +0 cloak (worn)
 B - the +0 pair of gloves of Untruth (worn) {rElec Int+9 Dex-3 SInv}
   (You found it on level 4 of the Dungeon)

   It affects your intelligence (+9).
   It affects your dexterity (-3).
   It insulates you from electricity.
   It lets you see invisible.
 C - the +2 shield of Proximity {rElec rF- Stlth+}
   (You took it off Donald on level 2 of the Spider Nest)

   It makes you vulnerable to fire.
   It insulates you from electricity.
   It makes you more stealthy.
 D - a +2 pair of boots (worn)
 N - the +5 ring mail of the Heavens (worn) {rPois rC+ rN+ Int-2}
   (You found it on level 1 of the Lair of Beasts)

   It affects your intelligence (-2).
   It protects you from cold.
   It protects you from poison.
   It protects you from negative energy.
 S - a +0 buckler (worn)
 Y - the +3 hat of Pondering (worn) {ponderous, MR+ MP+10 Int+5}
   (You took it off Gastronok on level 2 of the Lair of Beasts)

   It affects your intelligence (+5).
   It affects your resistance to hostile enchantments.
   It affects your magic capacity (+10).
Jewellery
 e - a +4 ring of evasion (right hand)
 m - the ring of Ufeuniro {MR+ Str+5}
   (You found it in a labyrinth)

   [ring of protection from magic]

   It affects your strength (+5).
   It affects your resistance to hostile enchantments.
 E - an amulet of rage (around neck)
 G - the ring "Cootagg" (left hand) {-Tele rF++ MR+ Int+8 Stlth-}
   (You bought it in a shop on level 2 of the Orcish Mines)

   [ring of protection from magic]

   It affects your intelligence (+8).
   It greatly protects you from fire.
   It affects your resistance to hostile enchantments.
   It prevents most forms of teleportation.
   It makes you less stealthy.
Wands
 d - a wand of digging (7)
 g - a wand of iceblast (19)
 i - a wand of scattershot (6)
 u - a wand of paralysis (15)
 A - a wand of flame (42)
 H - a wand of polymorph (39)
 I - a wand of random effects (46)
 J - a wand of clouds (5)
 M - a wand of enslavement (15)
 O - a wand of acid (22)
 P - a wand of lightning (34)
 U - a wand of disintegration (14)
Scrolls
 c - 13 scrolls of immolation
 j - 6 scrolls of blinking
 k - 6 scrolls of fear
 l - 4 scrolls of fog
 o - 4 scrolls of magic mapping
 p - 4 scrolls of identify
 w - a scroll of vulnerability
 x - 8 scrolls of teleportation
 L - 8 scrolls of remove curse
 T - 2 scrolls of torment
 Z - 3 scrolls of enchant armour
Potions
 h - 3 potions of cancellation
 n - a potion of invisibility
 q - 5 potions of lignification
 r - 10 potions of might
 s - a potion of ambrosia
 t - 13 potions of curing
 v - 3 potions of berserk rage
 z - 5 potions of heal wounds
 F - 5 potions of mutation
 Q - a potion of magic
 R - a potion of agility
 V - 9 potions of flight
 W - 4 potions of brilliance
Comestibles
 f - 3 royal jellies
 K - 14 bread rations
 X - 12 meat rations


   Skills:
 - Level 16.0 Fighting
 - Level 14.0 Long Blades
 - Level 6.0 Armour
 - Level 6.0 Dodging
 + Level 13.2 Shields
 - Level 8.0 Spellcasting
 - Level 4.0 Hexes
 - Level 7.0 Charms
 - Level 12.0 Necromancy
 - Level 3.0 Translocations
 - Level 13.9 Evocations


You had 5 spell levels left.
You knew the following spells:

 Your Spells              Type           Power        Failure   Level  Hunger
a - Animate Dead          Necr           N/A          1%          4    None
g - Shroud of Golubria    Chrm/Tloc      #####.....   1%          2    None
i - Infusion              Chrm           ####         1%          1    None
p - Apportation           Tloc           ####..       1%          1    None
r - Regeneration          Chrm/Necr      ######....   1%          3    None
t - Tukima's Dance        Hex            #####...     3%          3    None
w - Spectral Weapon       Hex/Chrm       ######..     1%          3    None
D - Death Channel         Necr           #######...   6%          6    #####..
P - Passage of Golubria   Tloc           N/A          16%         4    None


Dungeon Overview and Level Annotations

Branches:
Dungeon (15/15)            Temple (1/1) D:5            Lair (6/6) D:11
 Shoals (0/4) Lair:4       Spider (4/4) Lair:2        Slime (0/5) Lair:6
    Orc (2/2) D:10            Elf (0/3) Orc:2        Vaults (0/5) D:14
 Depths (0/5) D:15

Altars:
Ashenzari
Cheibriados
Elyvilon
Fedhas
Gozag
Hepliaklqana
Kikubaaqudgha
Makhleb
Nemelex Xobeh
Okawaru
Ru
Sif Muna
Trog
Uskayaw
Vehumet
Xom
Yredelemnul
Zin
The Shining One
Beogh
Jiyva

Shops:
D:4 :(*   D:5 !=[((   D:14 }   Orc:1 %*   Orc:2 *:**:

Annotations:
Lair:1 exclusion: 4 oklob plants
Lair:6 1 runed door


Innate Abilities, Weirdness & Mutations

Shadows flee at your approach. (+LOS)
You can swim through water.
You are clumsy. (Dex -2)
You cover ground slowly.
You cannot read scrolls while threatened.
You cannot be stealthy.
You have somewhat slow reflexes. (EV -5)
You are somewhat inexperienced. (-2 XL)
You can hop longer distances.


Message History

The ghost moth stings your spectral redback but does no damage.
There is a web, spattered with blood here.
You disentangle yourself.
You feel sick.
Your spectral hornet hits the emperor scorpion but does no damage.
The demonic crawler hits you.
* * * LOW HITPOINT WARNING * * *
You focus your will and illuminate the demonic crawler in retribution!
The demonic crawler hits you.
* * * LOW HITPOINT WARNING * * *
You focus your will and slow the demonic crawler in retribution!
The demonic crawler barely misses you.
Your spectral redback closely misses the emperor scorpion.
The wolf spider hits your spectral hornet!
The wolf spider bites your spectral hornet!
Your spectral hornet is destroyed!
The emperor scorpion stings you!!
You feel threatened and lose the ability to read scrolls!
* * * LOW HITPOINT WARNING * * *
The emperor scorpion claws you!
You die... ##.^# .#^ ≈..≈. .≈. .... ^. §.§ †. #§##s #≈§y^ ##§y## #sssZ#

##Z@## #ZZ.Z# ##ZZ## #Z#ZZ#
#≈ZZ≈# ##..## ##(..^##
###......###
###########.........^##########


You could see an emperor scorpion, a ghost moth (invisible), a demonic crawler,
a wolf spider, a hornet, a tarantella, a friendly spectral hornet, a friendly
spectral jumping spider, 2 friendly spectral orb spiders, 3 friendly spectral
redbacks, a friendly spectral moth of wrath, a friendly jumping spider zombie, 2
friendly tarantella zombies and a friendly redback zombie.

Vanquished Creatures
  Gastronok (Lair:2)
  4 orc warlords
  A ghost moth (Spider:4)
  4 emperor scorpions
  An entropy weaver (Spider:1)
  Azrael (D:13)
  An ettin (D:15)
  A minotaur (Lab)
  A fire dragon (Lair:5)
  Fannar (D:10)
  An ogre mage (D:15)
  4 vault guards (D:14)
  Harold (D:11)
  3 hydras
  Erica (D:10)
  2 centaur warriors
  A queen ant (Spider:1)
  A catoblepas (Lair:5)
  9 two-headed ogres
  Nergalle (Lair:2)
  3 unseen horrors
  A lindwurm (Lair:6)
  10 orc knights
  3 orb spiders
  6 necromancers
  A deep elf mage (D:15)
  A manticore (D:11)
  5 cyclopes
  8 wolf spiders
  11 ugly things
  2 orc sorcerers
  10 elephants
  2 merfolk sirens (Lair:4)
  2 moths of wrath
  An ice statue (IceCv)
  9 black mambas
  Psyche (D:11)
  10 spiny frogs
  A rime drake (Lair:6)
  A gargoyle (D:9)
  2 molten gargoyles (Lair:6)
  17 demonic crawlers
  3 yaktaurs (D:15)
  A yaktaur (shapeshifter) (D:15)
  10 freezing wraiths (IceCv)
  12 komodo dragons
  2 ice devils (D:12)
  2 merfolk
  9 jumping spiders
  5 hornets
  2 polar bears
  3 trolls
  13 dream sheep (Lair:6)
  17 blink frogs
  9 hippogriffs
  5 centaur simulacra
  4 shadows
  38 redbacks
  5 wyverns
  14 tarantellas
  A spriggan (shapeshifter) (D:11)
  A fire elemental (D:13)
  41 yaks
  A wraith (D:14)
  6 basilisks
  12 humans
  4 hungry ghosts
  3 steam dragons
  2 vampire mosquitoes (D:13)
  Menkaure (D:5)
  10 wargs
  A soldier ant (shapeshifter) (D:13)
  9 soldier ants (Spider:1)
  7 hell hounds
  20 water moccasins
  13 porcupines
  5 sky beasts
  58 orc warriors
  11 ice beasts
  6 ogres
  A phantom (D:13)
  A centaur (D:9)
  6 wolves
  13 crocodiles
  13 bullfrogs
  A gnoll sergeant (D:11)
  4 scorpions
  14 killer bees
  5 wights (D:12)
  4 electric eels
  3 crimson imps
  4 draconian simulacra (IceCv)
  5 lava snakes (Lair:6)
  2 quasits
  A bullfrog skeleton (D:13)
  5 centaur skeletons
  11 orc priests
  7 hounds
  2 jellies (D:12)
  17 orc wizards
  Jessica (D:2)
  3 iguanas
  11 hell rats (Lair:3)
  2 polar bear simulacra (IceCv)
  22 worker ants
  6 troll simulacra (IceCv)
  2 wolf simulacra (IceCv)
  A hound zombie (D:7)
  2 hound skeletons
  26 gnolls
  8 adders
  4 naga simulacra (IceCv)
  3 ogre simulacra (IceCv)
  17 river rats
  6 shadow imps
  18 white imps
  A worker ant simulacrum (D:10)
  2 ufetubi (D:10)
  3 adder skeletons
  7 worms
  6 dart slugs
  4 leopard geckos
  104 orcs
  5 giant cockroaches
  22 goblins
  23 hobgoblins
  9 jackals
  13 quokkas
  A ball python (D:6)
  14 bats
  6 frilled lizards
  8 kobolds
  A leopard gecko skeleton (D:4)
  3 quokka skeletons
  19 rats
1015 creatures vanquished.

Vanquished Creatures (collateral kills)
  Nikola (Spider:3)
  Donald (Spider:2)
  Louise (Spider:3)
  4 entropy weavers
  A two-headed ogre (D:9)
  An unseen horror (D:15)
  A deep elf archer (D:15)
  An ugly thing (D:15)
  8 orb spiders
  5 wolf spiders
  12 demonic crawlers
  19 jumping spiders
  A hornet (Spider:4)
  22 redbacks
  A human (D:15)
  11 tarantellas
  5 soldier ants (Spider:1)
  A water moccasin (D:15)
  An orc warrior (Bailey)
  An ogre (D:9)
  An electric eel (Spider:1)
  7 worker ants (Spider:1)
  4 orcs
110 creatures vanquished.

Vanquished Creatures (others)
  Agnes (D:15)
  A ghost moth (Spider:4)
  An entropy weaver (Spider:3)
  A hydra (Lair:5)
  An elephant (Lair:3)
  A demonic crawler (Spider:1)
  A blink frog (Lair:2)
  2 redbacks (Spider:1)
  5 dancing weapons
  2 orc warriors
  A centaur (D:6)
  A killer bee (D:10)
  An adder (D:11)
  A white imp (IceCv)
  3 orcs
  2 bushes
  14 fungi
  7 plants
  10 spectral weapons
56 creatures vanquished.

Grand Total: 1181 creatures vanquished

Notes
Turn   | Place    | Note
-------+----------+-------------------------------------------
     0 | D:1      | hexaflexagon the Barachi Skald began the quest for the Orb.
     0 | D:1      | Reached XP level 1. HP: 17/17 MP: 3/3
   275 | D:1      | Reached XP level 2. HP: 9/23 MP: 5/5
   884 | D:1      | Reached XP level 3. HP: 20/28 MP: 6/6
  1236 | D:1      | Learned a level 3 spell: Spectral Weapon
  1239 | D:1      | Learned a level 2 spell: Shroud of Golubria
  2216 | D:2      | Reached skill level 1 in Hexes
  2602 | D:1      | Reached XP level 4. HP: 26/34 MP: 3/7
  2947 | D:2      | Noticed Jessica
  3293 | D:3      | Found a sacrificial altar of Ru.
  3310 | D:3      | Became a worshipper of Ru the Awakened
  3388 | D:3      | Reached XP level 5. HP: 32/39 MP: 8/8
  3941 | D:4      | Got an encrusted hand axe
  3942 | D:4      | Identified the +4 hand axe of Vuanum {flame, rC- Str+8 SInv} (You found it on level 4 of the Dungeon)
  4026 | D:4      | Reached skill level 5 in Long Blades
  4043 | D:4      | Noticed a sky beast
  4416 | D:4      | Gained mutation: You have somewhat slow reflexes. (EV -5) [Ru sacrifice]
  4416 | D:4      | Reached * piety under Ru
  4416 | D:4      | Reached ** piety under Ru
  4452 | D:4      | Reached XP level 6. HP: 11/46 MP: 6/9
  4964 | D:4      | Got a pair of fine gloves
  4972 | D:4      | Identified the +0 pair of gloves of Untruth {rElec Int+9 Dex-3 SInv} (You found it on level 4 of the Dungeon)
  5338 | D:4      | Learned a level 3 spell: Regeneration
  5350 | D:4      | Found Vuduck's Assorted Antiques.
  5596 | D:4      | Found Tamiqeutt's Antique Weapon Shoppe.
  5670 | D:4      | Found Vugifie's Book Emporium.
  5888 | D:5      | Entered Level 5 of the Dungeon
  5903 | D:5      | Noticed an ice beast
  5966 | D:4      | Killed a sky beast
  6179 | D:5      | Found Irepsiym's Distillery.
  6183 | D:5      | Bought a potion of curing for 30 gold pieces
  6183 | D:5      | Bought a potion of degeneration for 10 gold pieces
  6230 | D:5      | Found a staircase to the Ecumenical Temple.
  6242 | Temple   | Entered the Ecumenical Temple
  6509 | D:5      | Reached XP level 7. HP: 51/51 MP: 10/10
  6535 | D:5      | Found Qackesed's Jewellery Shoppe.
  6654 | D:5      | Found Galeocoe's Antique Weapon Shoppe.
  6687 | D:5      | Reached skill level 3 in Fighting
  6767 | D:5      | Found Avaocleq's Antique Armour Boutique.
  6845 | D:5      | Found a shimmering altar of Xom.
  6863 | D:5      | Found Ziaxt's Antique Weapon Emporium.
  6864 | D:5      | Noticed Menkaure
  6869 | D:5      | Killed Menkaure
  6869 | D:5      | Reached skill level 4 in Fighting
  7434 | D:6      | Reached XP level 8. HP: 39/61 MP: 11/11
  7502 | D:6      | Reached skill level 5 in Fighting
  7853 | D:6      | Found a glowing drain.
  7859 | D:6      | Reached skill level 5 in Dodging
  7918 | Sewer    | Entered a sewer
  7937 | Sewer    | Gained mutation: You are clumsy. (Dex -2) [Ru sacrifice]
  8281 | D:6      | Reached skill level 6 in Fighting
  8690 | D:6      | Learned a level 3 spell: Tukima's Dance
  8884 | D:2      | Killed Jessica
  9378 | D:7      | Found an iron altar of Okawaru.
  9408 | D:7      | Noticed a hippogriff
  9423 | D:7      | Killed a hippogriff
  9423 | D:7      | Reached skill level 1 in Necromancy
  9423 | D:7      | Reached skill level 1 in Translocations
  9451 | D:7      | Found a radiant altar of Vehumet.
 10089 | D:8      | Found a glowing silver altar of Zin.
 10089 | D:8      | Found a glowing golden altar of the Shining One.
 10090 | D:8      | Found a white marble altar of Elyvilon.
 10147 | D:8      | Found a hazy altar of Hepliaklqana.
 10257 | D:8      | Reached skill level 1 in Evocations
 10257 | D:8      | Reached XP level 9. HP: 54/71 MP: 8/13
 10356 | D:8      | Found a hide-covered altar of Uskayaw.
 10704 | D:8      | Found a blossoming altar of Fedhas.
 10759 | D:8      | Found a snail-covered altar of Cheibriados.
 10786 | D:8      | Found an opulent altar of Gozag.
 10832 | D:8      | Found a basalt altar of Yredelemnul.
 10921 | D:8      | Reached skill level 7 in Fighting
 11344 | D:9      | Found a shattered altar of Ashenzari.
 11556 | D:8      | Reached skill level 1 in Shields
 11652 | D:9      | Noticed a gargoyle
 11811 | D:9      | Noticed a two-headed ogre
 12005 | D:9      | Killed a gargoyle
 12265 | D:9      | Killed a two-headed ogre
 12265 | D:9      | Reached skill level 5 in Shields
 12284 | D:9      | Reached XP level 10. HP: 70/79 MP: 10/14
 12466 | D:9      | Noticed a two-headed ogre
 12476 | D:9      | Killed a two-headed ogre
 12591 | D:10     | Entered Level 10 of the Dungeon
 12623 | D:10     | Reached skill level 10 in Long Blades
 12659 | D:10     | Noticed Fannar
 12687 | D:10     | Found a blossoming altar of Fedhas.
 12722 | D:10     | Reached skill level 8 in Fighting
 12821 | D:10     | Noticed a two-headed ogre
 12881 | D:10     | Gained mutation: You cannot read scrolls while threatened. [Ru sacrifice]
 12881 | D:10     | Reached *** piety under Ru
 12881 | D:10     | Reached **** piety under Ru
 12884 | D:10     | Found a roughly hewn altar of Beogh.
 12884 | D:10     | Found a staircase to the Orcish Mines.
 12898 | D:10     | Reached skill level 9 in Fighting
 12923 | D:10     | Found a flagged portal.
 12976 | Bailey   | Entered a bailey
 13967 | Bailey   | Noticed an orc knight
 14002 | Bailey   | Killed an orc knight
 14143 | Bailey   | Reached XP level 11. HP: 47/90 MP: 1/16
 14247 | Bailey   | Noticed an orc warlord
 14267 | Bailey   | Killed an orc warlord
 14267 | Bailey   | Reached skill level 10 in Fighting
 14644 | Bailey   | Identified 2 scrolls of acquirement
 14865 | D:9      | Noticed a two-headed ogre
 14874 | D:9      | Killed a two-headed ogre
 14874 | D:9      | Reached skill level 5 in Spellcasting
 15405 | D:11     | Noticed a cyclops
 15909 | D:11     | Found a staircase to the Lair.
 15942 | D:11     | Noticed a two-headed ogre
 15963 | D:11     | Killed a two-headed ogre
 16069 | D:11     | Noticed an unseen horror
 16085 | D:11     | Killed an unseen horror
 16085 | D:11     | Reached skill level 11 in Fighting
 16156 | D:11     | Noticed Psyche
 16200 | D:10     | Killed a two-headed ogre
 16200 | D:10     | Reached skill level 10 in Evocations
 16449 | D:10     | Gained mutation: You cannot be stealthy. [Ru sacrifice]
 16604 | D:10     | Reached XP level 12. HP: 100/100 MP: 19/19
 16611 | D:10     | Noticed Erica
 16624 | D:10     | Killed Erica
 16779 | D:10     | Killed Fannar
 16988 | D:11     | Noticed a two-headed ogre
 17040 | D:11     | Noticed Harold
 17305 | D:11     | Killed Psyche
 17661 | D:11     | Killed a two-headed ogre
 17959 | D:11     | Killed Harold
 17959 | D:11     | Reached skill level 12 in Fighting
 18162 | D:11     | Got an ancient ring mail
 18173 | D:11     | Identified the +4 ring mail of Zin's Approval {Stlth+} (You found it on level 11 of the Dungeon)
 18265 | Lair:1   | Entered Level 1 of the Lair of Beasts
 18345 | Lair:1   | Found a burning altar of Makhleb.
 18433 | Lair:1   | Got a faintly glowing ring mail
 18444 | Lair:1   | Identified the +5 ring mail of the Heavens {rPois rC+ rN+ Int-2} (You found it on level 1 of the Lair of Beasts)
 18578 | Lair:1   | Noticed a four-headed hydra
 18586 | Lair:1   | Killed a one-headed hydra
 19069 | Lair:2   | Found a hole to the Spider Nest.
 19313 | Lair:2   | Noticed Nergalle
 19343 | Lair:2   | Killed Nergalle
 19343 | Lair:2   | Gained mutation: You can hop longer distances. [Barachi growth]
 19343 | Lair:2   | Reached XP level 13. HP: 85/108 MP: 18/22
 19363 | Lair:2   | Noticed Gastronok
 19516 | Lair:2   | Gained mutation: You are somewhat inexperienced. (-2 XL) [Ru sacrifice]
 19516 | Lair:2   | Reached XP level 12. HP: 102/102 MP: 21/21
 19516 | Lair:2   | Reached XP level 11. HP: 95/95 MP: 20/20
 19516 | Lair:2   | Reached ***** piety under Ru
 19516 | Lair:2   | Reached ****** piety under Ru
 20217 | Lair:2   | Killed Gastronok
 20217 | Lair:2   | Reached skill level 5 in Charms
 21412 | Lair:3   | Reached XP level 12. HP: 93/102 MP: 21/21
 21924 | Lair:3   | Reached skill level 5 in Armour
 23085 | Lair:4   | Reached skill level 13 in Fighting
 23193 | Lair:4   | Found a staircase to the Shoals.
 23303 | Lair:4   | You fall through a shaft!
 23345 | Lair:5   | Found a labyrinth entrance.
 23359 | Lab      | Entered a labyrinth
 23638 | Lab      | Noticed a minotaur
 23646 | Lab      | Killed a minotaur
 23646 | Lab      | Reached XP level 13. HP: 111/111 MP: 22/22
 23653 | Lab      | Got a wavering steel ring
 23758 | Lair:5   | Identified the ring of Ufeuniro {MR+ Str+5} (You found it in a labyrinth)
 24104 | Lair:4   | Reached skill level 14 in Fighting
 24189 | Lair:4   | Found the +8 whip "Snakebite" {curare, rPois}
 24826 | Lair:5   | Noticed a fire dragon
 24845 | Lair:5   | Killed a fire dragon
 25154 | Lair:6   | Entered Level 6 of the Lair of Beasts
 25294 | Lair:6   | Reached skill level 15 in Fighting
 25548 | Lair:6   | Found a staircase to the Slime Pits.
 25805 | Lair:6   | Found a viscous altar of Jiyva.
 26286 | Lair:6   | Reached skill level 16 in Fighting
 26422 | Lair:6   | Noticed a fire dragon
 26423 | Lair:6   | Found a large runed door.
 26471 | Lair:6   | Found a large runed door.
 26806 | Orc:1    | Entered Level 1 of the Orcish Mines
 26924 | Orc:1    | Found Kixelewk's Food Boutique.
 26998 | Orc:1    | Reached XP level 14. HP: 113/125 MP: 23/23
 27124 | Orc:2    | Entered Level 2 of the Orcish Mines
 27343 | Orc:2    | Found Bedan's Assorted Antiques.
 27544 | Orc:2    | Noticed an orc warlord
 27652 | Orc:1    | Killed an orc warlord
 29751 | Orc:2    | Found Oxkiets's General Store.
 29751 | Orc:2    | Found Test's Book Boutique.
 29913 | Orc:2    | Found a staircase to the Elven Halls.
 29920 | Orc:2    | Found a roughly hewn altar of Beogh.
 30056 | Orc:2    | Found Myrie's General Store.
 30178 | Orc:2    | Found a roughly hewn altar of Beogh.
 30220 | Orc:2    | Found Qivut's Book Emporium.
 30592 | Orc:1    | Noticed an orc warlord
 30592 | Orc:1    | Noticed an orc warlord
 30685 | Orc:1    | Killed an orc warlord
 30812 | Orc:1    | Killed an orc warlord
 30988 | Orc:2    | Bought a slimy bone ring for 185 gold pieces
 30988 | Orc:2    | Bought a scroll of identify for 74 gold pieces
 30988 | Orc:2    | Identified the ring "Cootagg" {-Tele rF++ MR+ Int+8 Stlth-} (You bought it in a shop on level 2 of the Orcish Mines)
 31082 | D:11     | Learned a level 4 spell: Animate Dead
 31089 | D:11     | Learned a level 6 spell: Death Channel
 31288 | D:12     | Found a frozen archway.
 31298 | D:12     | Reached skill level 5 in Necromancy
 31327 | IceCv    | Entered an ice cave
 31635 | IceCv    | Got a pitted scale mail
 31651 | IceCv    | Found an ancient bone altar of Kikubaaqudgha.
 32034 | IceCv    | Identified the Incunabulum of Snow
 32265 | D:12     | Identified the +3 scale mail "Zyenneuf" {rC+ Dex-3 Stlth+} (You found it in an ice cave)
 33266 | D:13     | Reached XP level 15. HP: 69/131 MP: 27/27
 34243 | D:14     | Found Xiyph's Gadget Boutique.
 34360 | D:14     | Noticed Azrael
 34569 | D:13     | Killed Azrael
 35573 | D:14     | Found a gate to the Vaults.
 35641 | D:14     | Got a warped scale mail
 35657 | D:14     | Identified the cursed +1 scale mail of the Sky {rElec rPois Int+4} (You found it on level 14 of the Dungeon)
 35681 | D:15     | Entered Level 15 of the Dungeon
 35687 | D:14     | Reached skill level 10 in Necromancy
 35811 | D:15     | Noticed Agnes
 35817 | D:15     | Killed Agnes
 36054 | D:15     | Found a staircase to the Depths.
 36571 | Spider:1 | Entered Level 1 of the Spider Nest
 36862 | Spider:1 | Reached XP level 16. HP: 101/138 MP: 27/28
 37614 | Spider:2 | Noticed Donald
 37650 | Spider:2 | Killed Donald
 37659 | Spider:2 | Got a translucent shield
 37661 | Spider:2 | Identified the +2 shield of Proximity {rElec rF- Stlth+} (You took it off Donald on level 2 of the Spider Nest)
 38067 | Spider:2 | Identified Firchya's Handbook of Weirdness
 38072 | Spider:2 | Learned a level 1 spell: Apportation
 38080 | Spider:2 | Learned a level 4 spell: Passage of Golubria
 38430 | Spider:2 | Reached skill level 10 in Shields
 38745 | Spider:3 | Noticed Louise
 38766 | Spider:3 | Killed Louise
 38976 | Spider:3 | Noticed Nikola
 38986 | Spider:3 | Killed Nikola
 39167 | Spider:4 | Entered Level 4 of the Spider Nest
 39214 | Spider:4 | Identified the +0 helmet of an ice cave {+Blink MP+9} (You acquired it on level 4 of the Spider Nest)
 39374 | Spider:4 | Paralysed by a hornet for 2 turns
 39408 | Spider:4 | Reached XP level 17. HP: 83/144 MP: 0/29
 39415 | Spider:4 | HP: 3/144 [emperor scorpion (19)]
 39415 | Spider:4 | Mangled by an emperor scorpion

Vault maps used:
D:1:      dpeg_arrival_rooms_a
D:2:      uniq_jessica
D:3:      nicolae_ru_path_of_blood
D:4:      minmay_diamond_boxcup, serial_shops, nicolae_shop_trees,
          nicolae_shop_crystal, kennysheep_mini
D:5:      lemuel_doored_altar, minmay_temple_entry_trees, first_bread,
          serial_shops, kennysheep_mini_moat, shop, shop, shop, shop,
          uniq_menkaure
D:6:      portal_sewer_entry_b
D:7:      lemuel_crystal_altar, marbit_many_paths
D:8:      good_gods_temple_1, eat_drink_and_be_merry_uskayaw,
          kennysheep_little_box, nicolae_overflow_quartered_altars
D:9:      serial_corexii_hall, corexii_hall_statues_i, corexii_hall_statues_l,
          basic_altar
D:10:     david_orc_5, basic_altar, serial_ice, serial_ice_f, serial_ice_e,
          serial_ice_k, serial_ice_b, serial_ice_d, serial_ice_n,
          enter_bailey_2, uniq_erica, uniq_fannar
D:11:     david_lair_shrubbed, uniq_psyche, uniq_harold
D:12:     portal_ice_cave_demonic_guard
D:13:     grunt_ogre_cave
D:14:     grunt_vaults_entry_tiered, minivault_26, serial_shops,
          nicolae_shop_crystal, uniq_azrael
D:15:     hangedman_depths_entry_civil_slaughter, minmay_misc_feat_tiny,
          uniq_agnes
Temple:   compressed_dpeg_circular_temple
Lair:1:   basic_altar, disabler_island, infiniplex_staircase_pool_2
Lair:2:   nicolae_spider_entry_non_spiders, minivault_19, uniq_gastronok,
          uniq_nergalle
Lair:3:   lemuel_ratsnest, beast_lair_carwin_11, grunt_megastairs_3
Lair:4:   minmay_guarded_unrand_snakebite, elwin_shoals_entry_stream,
          kennysheep_catoblepas_arena
Lair:5:   dragon1_lemuel, lab_entry_generic
Lair:6:   cheibrodos_lair_end_hotspot, slime_altar_1
Spider:1: zaba_antful_of_joy
Spider:2: spider_trap, nicolae_crawler_farm, uniq_donald
Spider:3: uniq_nikola, uniq_louise
Spider:4: guppyfry_spider_rune
Orc:1:    cheibrodos_orc_arena, serial_shops, nicolae_shop_behind_doors
Orc:2:    st_orc_town, basic_altar, serial_shops, nicolae_shop_trees
Lab:      labyrinth_skeletal_remains, nicolae_lab_garden
Sewer:    sewer_big_baddie
Bailey:   bailey_axe_minmay_hex_keep, bailey
IceCv:    ice_cave_small_necro

Skill      XL: |  1  2  3  4  5  6  7  8  9 10 11 12 13 14 15 16 17 |
---------------+----------------------------------------------------+-----
Long Blades    | 3 4 5 7 10 11 14 | 14.0
Charms         | 4 6 7 |  7.0
Hexes          | 1 2 3 4 |  4.0
Fighting       | 4 6 7 9 11 13 16 | 16.0
Dodging        | 4 6 |  6.0
Spellcasting   | 3 6 8 |  8.0
Necromancy     | 1 2 4 7 11 12 | 12.0
Translocations | 1 2 3 |  3.0
Evocations     | 1 6 7 10 12 13 | 13.9
Shields        | 5 6 12 13 | 13.2
Armour         | 6 |  6.0

Action                   |  1- 3 |  4- 6 |  7- 9 | 10-12 | 13-15 | 16-18 || total
-------------------------+-------+-------+-------+-------+-------+-------++-------
Melee: Falchion          |   146 |   234 |   351 |       |       |       ||   731
       Hand axe          |       |     9 |       |       |       |       ||     9
       Scimitar          |       |       |    71 |  1153 |   873 |       ||  2097
       Demon blade       |       |       |       |       |   728 |   379 ||  1107
 Cast: Infusion          |     1 |       |       |     1 |       |       ||     2
       Shroud of Golubri |     5 |     8 |     9 |    58 |    47 |     8 ||   135
       Spectral Weapon   |     2 |     1 |     2 |    40 |    31 |     4 ||    80
       Regeneration      |       |       |     9 |    42 |    58 |    15 ||   124
       Tukima's Dance    |       |       |     8 |    45 |     9 |       ||    62
       Death Channel     |       |       |       |       |     7 |    13 ||    20
       Animate Dead      |       |       |       |       |     2 |    16 ||    18
Invok: Sacrifice Health  |       |     1 |       |       |       |       ||     1
       Sacrifice Purity  |       |       |     1 |       |       |       ||     1
       Sacrifice Words   |       |       |       |     1 |       |       ||     1
       Draw Out Power    |       |       |       |     1 |       |       ||     1
       Sacrifice Stealth |       |       |       |     1 |       |       ||     1
       Sacrifice Experie |       |       |       |     1 |       |       ||     1
       Apocalypse        |       |       |       |       |       |     1 ||     1
 Abil: Hop               |       |     4 |     3 |     4 |     9 |       ||    20
       Evoke Berserk Rag |       |       |       |       |     1 |       ||     1
Evoke: Wand              |       |       |    28 |    42 |    12 |     1 ||    83
  Use: Scroll            |       |     4 |     8 |    22 |    10 |     5 ||    49
       Potion            |       |     1 |     1 |     3 |       |       ||     5
 Stab: Sleeping          |       |     2 |       |       |       |       ||     2
       Invisible         |       |     1 |       |     8 |    14 |     6 ||    29
       Paralysed         |       |       |    20 |    48 |    26 |     3 ||    97
       Confused          |       |       |     1 |       |       |       ||     1
       Distracted        |       |       |       |     5 |     6 |     3 ||    14
  Eat: Chunk             |     4 |    12 |    20 |    47 |    48 |     5 ||   136
       Royal jelly       |     1 |     1 |       |       |     1 |     6 ||     9
       Fruit             |       |       |     6 |     2 |     6 |       ||    14
       Bread ration      |       |       |       |       |     2 |       ||     2
Armor: Leather armour    |    36 |    56 |   100 |   166 |       |       ||   358
       Ring mail         |       |       |    99 |   180 |   453 |   258 ||   990
Dodge: Dodged            |    73 |   155 |   137 |   499 |   539 |   229 ||  1632
Block: Buckler           |       |       |       |   176 |   223 |   125 ||   524
       Rpst.: Falchion   |    26 |    47 |    35 |       |       |       ||   108
       Scimitar          |       |       |    12 |   138 |    82 |       ||   232
       Demon blade       |       |       |       |       |    52 |    37 ||    89

Table legend:
 A = Spawn XP
 B = Non-spawn XP
 C = Spawn XP percentage of total XP
 D = Spawn monster count
 E = Non-spawn monster count
 F = Spawn count percentage of total count
 G = Total turns spent on level
                    A         B        C        D         E        F      G
               +---------+---------+-------+---------+---------+-------+---------
         Total |       0 |  209038 |   0.0 |       0 |    1138 |   0.0 | 39415
               +---------+---------+-------+---------+---------+-------+---------
           D:1 |       0 |      41 |   0.0 |       0 |      22 |   0.0 |  1873
           D:2 |       0 |      90 |   0.0 |       0 |      25 |   0.0 |  1362
           D:3 |       0 |     148 |   0.0 |       0 |      25 |   0.0 |  1233
           D:4 |       0 |     356 |   0.0 |       0 |      15 |   0.0 |  2080
           D:5 |       0 |     451 |   0.0 |       0 |      14 |   0.0 |  1039
           D:6 |       0 |     585 |   0.0 |       0 |      25 |   0.0 |  1063
           D:7 |       0 |     420 |   0.0 |       0 |       7 |   0.0 |  1154
           D:8 |       0 |     809 |   0.0 |       0 |      15 |   0.0 |  2034
           D:9 |       0 |    4159 |   0.0 |       0 |      26 |   0.0 |   978
          D:10 |       0 |    5782 |   0.0 |       0 |      67 |   0.0 |  1876
          D:11 |       0 |    9325 |   0.0 |       0 |      53 |   0.0 |  2075
          D:12 |       0 |    4378 |   0.0 |       0 |      25 |   0.0 |   863
          D:13 |       0 |    7368 |   0.0 |       0 |      35 |   0.0 |  1682
          D:14 |       0 |   15325 |   0.0 |       0 |      43 |   0.0 |  1065
          D:15 |       0 |   15953 |   0.0 |       0 |      34 |   0.0 |   683
        Lair:1 |       0 |    4691 |   0.0 |       0 |      20 |   0.0 |  2021
        Lair:2 |       0 |   11013 |   0.0 |       0 |      39 |   0.0 |  1191
        Lair:3 |       0 |   11336 |   0.0 |       0 |      84 |   0.0 |  1474
        Lair:4 |       0 |    5687 |   0.0 |       0 |      26 |   0.0 |   805
        Lair:5 |       0 |    4966 |   0.0 |       0 |      16 |   0.0 |  1238
        Lair:6 |       0 |   12985 |   0.0 |       0 |      50 |   0.0 |  1408
      Spider:1 |       0 |   12545 |   0.0 |       0 |      63 |   0.0 |   753
      Spider:2 |       0 |   17919 |   0.0 |       0 |      61 |   0.0 |  1238
      Spider:3 |       0 |   13430 |   0.0 |       0 |      40 |   0.0 |   605
      Spider:4 |       0 |   18318 |   0.0 |       0 |      57 |   0.0 |   248
         Orc:1 |       0 |   10627 |   0.0 |       0 |      50 |   0.0 |  2527
         Orc:2 |       0 |    8383 |   0.0 |       0 |      70 |   0.0 |  1669
           Lab |       0 |    1709 |   0.0 |       0 |       4 |   0.0 |   355
         Sewer |       0 |     109 |   0.0 |       0 |       6 |   0.0 |   156
        Bailey |       0 |    4074 |   0.0 |       0 |      68 |   0.0 |  1734
         IceCv |       0 |    6056 |   0.0 |       0 |      53 |   0.0 |   920
               +---------+---------+-------+---------+---------+-------+---------
